 Dungeon Crawl Stone Soup version 0.27-a0-797-g27d10ad80f (webtiles) character file.

Game seed: 13055968591548449264

152 polve the Slasher (level 5, 0/41 HPs)
             Began as a Demonspawn Abyssal Knight on Mar 27, 2021.
             Was a Follower of Lugonu.
             Slain by a gnoll
             ... wielding a +0 halberd
              (11 damage)
             ... on level 3 of the Dungeon.
             The game lasted 00:04:04 (5014 turns).

polve the Slasher (Demonspawn Abyssal Knight)       Turns: 5014, Time: 00:04:04

Health: 0/41       AC:  6    Str: 14    XL:     5   Next: 11%
Magic:  6/6        EV: 10    Int: 13    God:    Lugonu [*.....]
Gold:   109        SH:  0    Dex: 12    Spells: 4/4 levels left

rFire    . . .     SeeInvis .   a - +1 falchion
rCold    . . .     Faith    .   (no shield)
rNeg     . . .     Spirit   .   m - +0 ring mail
rPois    .         Reflect  .   (helmet restricted)
rElec    .         Harm     .   (no cloak)
rCorr    .         Rampage  .   g - +0 pair of gloves
Will     .....                  (no boots)
Stlth    +.........             (no amulet)
HPRegen  0.13/turn              (no ring)
MPRegen  0.10/turn              (no ring)

@: no status effects
A: antennae 2, demonic guardian 1, demonic magic 1
a: Renounce Religion, Depart the Abyss


You were on level 3 of the Dungeon.
You worshipped Lugonu.
Lugonu was aware of your devotion.
You visited 1 branch of the dungeon, and saw 3 of its levels.
You visited the Abyss 1 time.

You collected 109 gold pieces.

Inventory:

Hand Weapons
 a - a +1 falchion (weapon)
Armour
 g - a +0 pair of gloves (worn)
 m - a +0 ring mail (worn)
Wands
 l - a wand of polymorph (8)
Scrolls
 d - 2 scrolls of noise {unknown}
 e - 2 scrolls of magic mapping {unknown}
 f - a scroll of identify {unknown}
 j - a scroll of amnesia
 n - a scroll of fear {unknown}
Potions
 b - a potion of resistance {unknown}
 c - 2 potions of attraction {unknown}
 h - a potion of heal wounds {unknown}
 i - 2 potions of lignification {unknown}
 k - a potion of curing {unknown}


   Skills:
 - Level 3.0 Fighting
 + Level 4.9 Long Blades
 - Level 1.7 Armour
 - Level 0.8 Dodging
 - Level 2.4 Invocations


You had 4 spell levels left.
You didn't know any spells.
Your spell library was empty.

Dungeon Overview and Level Annotations

Branches:
Dungeon (3/15)

Altars:
Dithmenos
Kikubaaqudgha
Makhleb
Okawaru

Shops:
D:1 =   D:2 :


Innate Abilities, Weirdness & Mutations

You have a pair of antennae on your head.
A weak demonic guardian rushes to your aid.
Spells you cast may paralyse adjacent enemies.


Message History

The withered plant crumbles away.
The gnoll hits you but does no damage.
You hit the gnoll.
You kill the gnoll!
Lugonu accepts your kill. The gnoll barely misses you.
You hit the gnoll.
The gnoll is moderately wounded.
The gnoll closely misses you. The gnoll barely misses you.
You barely miss the gnoll. The gnoll barely misses you.
You hit the gnoll but do no damage. The gnoll hits you with a +0 halberd!
You barely miss the gnoll. The gnoll hits you with a +0 halberd!
You hit the gnoll but do no damage. The gnoll closely misses you.
You closely miss the gnoll. The gnoll closely misses you.
You hit the gnoll but do no damage. The gnoll barely misses you.
You riposte.
You barely miss the gnoll. You barely miss the gnoll.
The gnoll closely misses you.
You riposte.
You hit the gnoll.
The gnoll is lightly wounded.
You hit the gnoll.
The gnoll is heavily wounded.
The gnoll closely misses you.
You hit the gnoll but do no damage.
The gnoll is heavily wounded.
The gnoll closely misses you.
You hit the gnoll.
The gnoll is severely wounded.
The gnoll hits you with a +0 halberd.
You hit the gnoll.
The gnoll is almost dead.
The gnoll hits you with a +0 halberd.
You completely miss the gnoll.
The gnoll is almost dead.
The gnoll hits you with a +0 halberd!
* * * LOW HITPOINT WARNING * * *
A demonic guardian appears!
The gnoll closely misses you.
The gnoll hits your white imp with a +0 halberd!
Your white imp dies!
The gnoll hits you with a +0 halberd!
You die...

# #.#########.#
#...# #
#...........# #.#{#
#
##.#.####.######.#.#
# #.#.# #..g.g.g.#g#
#
#g#.####.########{#
# #.#......# #g# #
#.######## #.# #
#.########### #g# #
#.......gg@.# #.#
#################.#
#.# ..........####
#.# #.#
#.####.......# #.#
#)# #.# #)#####.#
#.# #.# #.# #)#
#.####.#####.# ..#
##.# #............#
#.# #..#
#......####### #)#
#..#####.######


You could see 2 gnolls.

Vanquished Creatures
  Robin (D:3)
  3 adders
  4 gnolls
  A dart slug (D:1)
  5 orcs
  3 endoplasms (D:1)
  3 giant cockroaches
  7 goblins
  5 hobgoblins
  8 kobolds
  4 ball pythons
  3 bats
  3 frilled lizards
  3 rats
53 creatures vanquished.

Vanquished Creatures (collateral kills)
  2 gnolls (D:3)
  An orc (D:3)
  A goblin (D:3)
4 creatures vanquished.

Vanquished Creatures (others)
  12 withered plants (D:3)
12 creatures vanquished.

Grand Total: 69 creatures vanquished

Notes
Turn   | Place    | Note
-------+----------+-------------------------------------------
     0 | Abyss:1  | polve the Demonspawn Abyssal Knight began the quest for the
                  | Orb.
     0 | Abyss:1  | Reached XP level 1. HP: 18/18 MP: 2/2
     3 | Abyss:1  | Found a corrupted altar of Lugonu.
   118 | Abyss:1  | Noticed a large abomination
   119 | D:1      | Escaped the Abyss
   215 | D:1      | Reached skill level 2 in Long Blades
   394 | D:1      | Gained mutation: A weak demonic guardian rushes to your
                  | aid. [demonic ancestry]
   394 | D:1      | Reached XP level 2. HP: 6/24 MP: 3/3
  1216 | D:1      | Found Nueshell's Jewellery Shop.
  1418 | D:2      | Reached skill level 3 in Long Blades
  1994 | D:2      | Gained mutation: Spells you cast may paralyse adjacent
                  | enemies. [demonic ancestry]
  1994 | D:2      | Reached XP level 3. HP: 29/29 MP: 4/4
  1997 | D:2      | Found Qeclext's Book Shop.
  2002 | D:2      | Reached * piety under Lugonu
  2681 | D:2      | Found an iron altar of Okawaru.
  2681 | D:2      | Found a shadowy altar of Dithmenos.
  3470 | D:3      | Noticed Robin
  3475 | D:3      | Gained mutation: You have a pair of small antennae on your
                  | head. [demonic ancestry]
  3475 | D:3      | Reached XP level 4. HP: 31/35 MP: 5/5
  3476 | D:3      | Reached skill level 4 in Long Blades
  3490 | D:3      | Killed Robin
  3697 | D:3      | Found an ancient bone altar of Kikubaaqudgha.
  4062 | D:3      | Found a burning altar of Makhleb.
  4197 | D:3      | HP: 1/35 [gnoll/+0 halberd (11)]
  4736 | D:3      | Gained mutation: You have a pair of antennae on your head.
                  | [demonic ancestry]
  4736 | D:3      | Reached XP level 5. HP: 19/41 MP: 6/6
  5014 | D:3      | Slain by a gnoll

Illustrated notes

Levels and vault maps discovered:
D:1:      sevenhm_arrival_forest_fort_large_4, layout_rooms, serial_shops,
          nicolae_shop_trees
D:2:      mumra_celtic_spiral_tile, layout_basic,
          amethyst_overflow_temple_binary, serial_shops, nicolae_shop_trees,
          palyth_stone_intersect, minmay_misc_feat_cross, minmay_misc_feat_tiny
D:3:      layout_loops_ring, lemuel_round_altar, kiku_gazebo_garden_becter,
          uniq_robin, uniq_grinder

Skill      XL: |  1  2  3  4 |
---------------+-------------+-----
Long Blades    | 2 3 4 |  4.9
Fighting       | |  3.0
Armour         | |  1.7
Dodging        | |  0.8
Invocations    | |  2.4

Action                   |  1- 3 |  4- 6 || total
-------------------------+-------+-------++-------
Melee: Falchion          |   108 |    78 ||   186
       Unarmed           |       |    12 ||    12
Invok: Depart the Abyss  |     1 |       ||     1
  Use: Scroll            |     1 |       ||     1
 Stab: Sleeping          |     1 |       ||     1
Armor: Leather armour    |    26 |       ||    26
       Ring mail         |       |    15 ||    15
       Skin              |       |     7 ||     7
Dodge: Dodged            |    70 |    50 ||   120
       Rpst.: Falchion   |    23 |     9 ||    32

Table legend: (Time is in decaauts)
 A = Elapsed time spent in this place.
 B = Non-inter-level travel time spent in this place.
 C = Inter-level travel time spent in this place.
 D = Time resting spent in this place.
 E = Time spent auto-exploring this place.
 F = Levels seen in this place.
 G = Mean time per level.
                   A        B        C        D        E       F      G
               +--------+--------+--------+--------+--------+-----+--------+
         Total |   5038 |   4830 |    208 |     76 |   4214 |   4 | 1259.5 |
       Dungeon |   4919 |   4711 |    208 |     76 |   4097 |   3 | 1639.7 |
         Abyss |    119 |    119 |      0 |      0 |    117 |   1 |  119.0 |
               +--------+--------+--------+--------+--------+-----+--------+

Top non-repeatable levels by time:
     D:2: 2198 daAuts
     D:3: 1434 daAuts
     D:1: 1286 daAuts
 Abyss:1: 119 daAuts
